 Dungeon Crawl Stone Soup version 0.31.0-11-ge490571c62 (webtiles) character file.

Game seed: 7596776829759420652

55 qw the Shooter (level 3, 0/20 HPs)
             Began as a Deep Elf Hunter on Feb 3, 2024.
             Slain by a ribbon worm (5 damage)
             ... on level 2 of the Dungeon.
             The game lasted 00:00:03 (1309 turns).

qw the Shooter (Deep Elf Hunter)                    Turns: 1309, Time: 00:00:03

Health: 0/20       AC:  4    Str: 10    XL:     3   Next: 67%
Magic:  5/5        EV: 12    Int: 16    God:
Gold:   59         SH:  0    Dex: 18    Spells: 2/2 levels left

rFire   . . .        a - +0 shortbow
rCold   . . .        (shield currently unavailable)
rNeg    . . .        c - +0 leather armour
rPois   .            f - +0 helmet {Int+3}
rElec   .            (no cloak)
rCorr   .            (no gloves)
SInv    .            (no boots)
Will    .....        (no amulet)
Stlth   ++           (no ring)
HPRegen 0.23/turn    (no ring)
MPRegen 0.09/turn

%: no passive effects
@: no status effects
A: no striking features
a: no special abilities


You were on level 2 of the Dungeon.
You visited 1 branch of the dungeon, and saw 2 of its levels.

You collected 59 gold pieces.


   Skills:
 - Level 1.5 Fighting
 + Level 7.2 Ranged Weapons
 - Level 2.4 Dodging
 - Level 1.2 Stealth


You had 2 spell levels left.
You didn't know any spells.
Your spell library was empty.

Inventory:

Hand Weapons
 a - a +0 shortbow (weapon)
Armour
 c - a +0 leather armour (worn)
 f - a +0 helmet of intelligence (worn)
Jewellery
 d - an amulet of regeneration
Potions
 b - a potion of brilliance {unknown}
 e - a potion of degeneration {unknown}
 g - a potion of heal wounds {unknown}

Dungeon Overview and Level Annotations

Branches:
Dungeon (2/15)

Altars:
Yredelemnul

Shops:
D:2 !


Message History

You shoot an arrow. The arrow misses the jackal.
The jackal barks!
You shoot an arrow. The arrow closely misses the jackal.
The arrow completely misses the jackal.
The jackal barely misses you. The jackal completely misses you.
You shoot an arrow. The arrow barely misses the jackal.
The arrow hits the jackal but does no damage.
The jackal misses you.
You shoot an arrow. The arrow barely misses the jackal.
The arrow hits the jackal.
You kill the jackal!
The jackal bites you. The jackal barely misses you.
You shoot an arrow. The arrow hits the jackal!
You kill the jackal!
You see here a jackal corpse.
You see here a jackal corpse.
You see here a jackal corpse.
A bat comes into view.
You shoot an arrow. The arrow misses the bat.
You shoot an arrow. The arrow hits the bat.
You kill the bat!
A ribbon worm comes into view.
You shoot an arrow. The arrow hits the ribbon worm!
The ribbon worm is moderately wounded.
You shoot an arrow.
The arrow completely misses the ribbon worm.
The ribbon worm bites you.
You shoot an arrow.
The arrow completely misses the ribbon worm.
The ribbon worm bites you.
You shoot an arrow.
The arrow completely misses the ribbon worm.
The ribbon worm barely misses you.
You shoot an arrow. The arrow hits the ribbon worm.
The ribbon worm is heavily wounded.
The ribbon worm bites you!
You shoot an arrow.
The arrow barely misses the ribbon worm.
The ribbon worm bites you.
You die...

.....###.#.###
#.# .....
#...# #.#
..... #..##
#.# ##.## #.##
#.# #. #.# #.#
#.# #.# #..
#.# #
#.###.###.#.#
#.#......@w.#
........###
....##### ###


You could see a ribbon worm.

Vanquished Creatures
  An adder (D:2)
  A dart slug (D:2)
  5 ball pythons
  5 endoplasms
  A giant cockroach (D:1)
  4 hobgoblins
  7 jackals (D:2)
  5 bats
  A frilled lizard (D:2)
  4 goblins
  4 kobolds
  2 rats (D:1)
40 creatures vanquished.

Notes
Turn   | Place    | Note
-------+----------+-------------------------------------------
     0 | D:1      | qw the Deep Elf Hunter began the quest for the Orb.
     0 | D:1      | Reached XP level 1. HP: 12/12 MP: 3/3
     0 | D:1      | 0 ||| qw: Version: 0.3-a-157-g843a77d
     0 | D:1      | 0 ||| qw: Game counter: 3843
     0 | D:1      | 0 ||| qw: Melee chars always use a shield: true
     0 | D:1      | 0 ||| qw: God list: Okawaru
     0 | D:1      | 0 ||| qw: Allow faded altars: false
     0 | D:1      | 0 ||| qw: Do Orc after clearing Dungeon:15 true
     0 | D:1      | 0 ||| qw: Do second Lair branch before Depths: true
     0 | D:1      | 0 ||| qw: Lair rune preference: random
     0 | D:1      | 0 ||| qw: Goals: Normal
     0 | D:1      | 0 ||| PLANNING D:1-11
   360 | D:1      | Reached XP level 2. HP: 15/16 MP: 4/4
   362 | D:1      | Reached skill level 6 in Ranged Weapons
   967 | D:1      | 967 ||| UPGRADING to +0 helmet of intelligence.
   972 | D:1      | 972 ||| READING 2 scrolls labelled QAREITW APLUEG.
   973 | D:1      | 973 ||| DROPPING scroll of butterflies.
   974 | D:1      | 974 ||| DROPPING scroll of fog.
  1046 | D:2      | Reached XP level 3. HP: 20/20 MP: 5/5
  1091 | D:2      | Found Pumnaffu's Distillery.
  1096 | D:2      | 1096 ||| SHOPLISTING 2 potions of curing (84 gold, have
                  | 47).
  1096 | D:2      | 1096 ||| SHOPLISTING potion of enlightenment (70 gold, have
                  | 47).
  1096 | D:2      | 1096 ||| SHOPLISTING potion of might (56 gold, have 47).
  1096 | D:2      | 1096 ||| SHOPLISTING potion of resistance (140 gold, have
                  | 47).
  1113 | D:2      | Reached skill level 7 in Ranged Weapons
  1132 | D:2      | Found a basalt altar of Yredelemnul.
  1308 | D:2      | HP: 5/20 [ribbon worm (7)]
  1309 | D:2      | Slain by a ribbon worm

Levels and vault maps discovered:
D:1:      mrwooster_arrival_arrow, layout_loops_corners
D:2:      layout_loops_ring, basic_altar, serial_shops,
          nicolae_shop_rolling_square

Skill      XL: |  1  2  3 |
---------------+----------+-----
Ranged Weapons | 6 7 |  7.2
Fighting       | |  1.5
Dodging        | |  2.4
Stealth        | |  1.2

Action                     || total
---------------------------++-------
   Fire: Shortbow          ||   102
    Use: Scroll            ||     1
 Armour: Leather armour    ||    28
  Dodge: Dodged            ||    25

Table legend:
 A = Non-vault XP
 B = Vault XP
 C = Vault XP percentage of total XP
 D = Non-vault monster count
 E = Vault monster count
 F = Vault count percentage of total count
                 A         B        C        D         E       F
            +---------+---------+-------+---------+---------+-------
      Total |      79 |       0 |   0.0 |      40 |       0 |   0.0
            +---------+---------+-------+---------+---------+-------
        D:1 |      26 |       0 |   0.0 |      18 |       0 |   0.0
        D:2 |      53 |       0 |   0.0 |      22 |       0 |   0.0
            +---------+---------+-------+---------+---------+-------
